 Dungeon Crawl Stone Soup version 0.18.1-8-gdd0e5ea (webtiles) character file.

282 Metae the Chopper (level 6, -4/52 HPs)
             Began as a Minotaur Gladiator on May 30, 2016.
             Was an Initiate of Yredelemnul.
             Slain by an ogre
             ... wielding a +0 giant club
              (23 damage)
             ... on level 4 of the Dungeon.
             The game lasted 00:25:08 (4431 turns).

Metae the Chopper (Minotaur Gladiator)              Turns: 4431, Time: 00:25:08

Health: -4/52      AC: 12    Str: 20    XL:     6   Next: 6%
Magic:  5/5        EV:  7    Int:  5    God:    Yredelemnul [......]
Gold:   163        SH:  0    Dex: 12    Spells: 0 memorised, 5 levels left

rFire  . . .     SeeInvis .     a - +0 war axe
rCold  . . .     Gourm    .     E - +0 plate armour
rNeg   . . .     Faith    +     (no shield)
rPois  .         Spirit   .     c - +0 hat
rElec  .         Dismiss  .     (no cloak)
rCorr  .         Reflect  .     (no gloves)
SustAt .         Harm     .     s - +0 pair of boots
MR     .....                    u - amulet of faith
Stlth  ..........               (no ring)
                                (no ring)

@: not resistant to hostile enchantments, extremely unstealthy
A: retaliatory headbutt, horns 2
a: Renounce Religion


You were on level 4 of the Dungeon.
You worshipped Yredelemnul.
Yredelemnul was noncommittal.
You were not hungry.

You visited 1 branch of the dungeon, and saw 4 of its levels.

You collected 163 gold pieces.

Inventory:

Hand Weapons
 a - a +0 war axe (weapon)
 j - a +0 hand axe
 p - a +0 rapier
 t - a +0 hunting sling
 w - a +0 hunting sling
 A - a +0 trident
 C - a +0 mace
 F - a +0 hand axe
 J - a +0 flail
Missiles
 d - 3 throwing nets (quivered)
Armour
 b - a +0 leather armour
 c - a +0 hat (worn)
 m - a +0 ring mail
 r - a +0 chain mail
 s - a +0 pair of boots (worn)
 B - a +0 scale mail
 E - a +0 plate armour (worn)
Jewellery
 u - an amulet of faith (around neck)
 y - an uncursed amulet of magic regeneration
Scrolls
 e - a scroll of fog {unknown}
 g - 2 scrolls of remove curse
 o - 2 scrolls of enchant armour {unknown}
 x - 2 scrolls of identify {unknown}
 z - a scroll of fear {unknown}
 H - a scroll of noise {unknown}
Potions
 i - a potion of resistance {unknown}
 k - a potion of flight {unknown}
 l - a potion of agility {unknown}
 n - 2 potions of curing
 q - a potion of brilliance {unknown}
 v - a potion of ambrosia {unknown}
 D - a potion of berserk rage {unknown}
 G - a potion of degeneration {unknown}
 I - a potion of mutation {unknown}
Comestibles
 f - 2 bread rations
 h - 2 meat rations


   Skills:
 + Level 3.8 Fighting
 + Level 5.6 Axes
 + Level 2.0 Throwing
 + Level 3.4 Armour
 + Level 4.5 Dodging
 + Level 0.1 Stealth


You had 5 spell levels left.
You didn't know any spells.

Dungeon Overview and Level Annotations

Branches:
Dungeon (4/15)
 Temple: D:4-7

Altars:
Cheibriados
Kikubaaqudgha
Makhleb
Trog
Yredelemnul
Zin


Innate Abilities, Weirdness & Mutations

You reflexively headbutt those who attack you in melee.
You have a pair of horns on your head.


Message History

An ogre is nearby!
The ogre shouts!
You hit the ogre.
The ogre is lightly wounded.
The ogre hits you with a giant club!
You barely miss the ogre.
The ogre is lightly wounded.
The ogre hits you with a giant club!
You hit the ogre. You headbutt the ogre!
The ogre is severely wounded.
The ogre hits you but does no damage.
You closely miss the ogre.
You headbutt the ogre, but do no damage.
The ogre is severely wounded.
The ogre hits you with a giant club!
You hit the ogre. Your headbutt misses the ogre.
The ogre is almost dead.
The ogre hits you with a giant club!!
You die...
Your body rises from the dead as a mindless zombie.

.....#...## ##............
...###...## #.............
.## ###'..# #.............
###...o.######.............
#A#_..._#2##...............
###...o.####.#############.
###'.#.###.# #. #...###...#
#. #...#)O@### #. ##...[###
#. ###### #. #. #. ##


You could see an ogre.

Vanquished Creatures
  A hound (D:4)
  3 orc priests
  2 orc wizards (D:4)
  3 adders (D:2)
  2 worms
  3 dart slugs
  2 giant geckos
  6 orcs
  6 bats
  8 giant cockroaches
  7 goblins
  7 hobgoblins
  2 jackals (D:3)
  6 kobolds
  2 quokkas (D:2)
  6 rats
  A withered plant (D:2)
67 creatures vanquished.

Vanquished Creatures (others)
  A human (D:3)
1 creature vanquished.

Grand Total: 68 creatures vanquished

Notes
Turn   | Place    | Note
--------------------------------------------------------------
     0 | D:1      | Metae the Minotaur Gladiator began the quest for the Orb.
     0 | D:1      | Reached XP level 1. HP: 18/18 MP: 0/0
   654 | D:1      | Reached skill level 4 in Axes
   752 | D:1      | Reached XP level 2. HP: 24/25 MP: 1/1
  1351 | D:2      | Found a basalt altar of Yredelemnul.
  1767 | D:2      | Reached XP level 3. HP: 26/30 MP: 2/2
  2263 | D:2      | Reached skill level 1 in Armour
  2545 | D:2      | Became a worshipper of Yredelemnul the Dark
  2680 | D:2      | Reached XP level 4. HP: 33/37 MP: 3/3
  2948 | D:3      | Found an ancient bone altar of Kikubaaqudgha.
  2949 | D:3      | Noticed a human
  2952 | D:3      | Killed a human
  3374 | D:3      | Found a bloodstained altar of Trog.
  3525 | D:3      | Reached skill level 5 in Axes
  3704 | D:3      | Reached XP level 5. HP: 21/45 MP: 4/4
  3705 | D:3      | Found a snail-covered altar of Cheibriados.
  4069 | D:4      | Found a burning altar of Makhleb.
  4072 | D:4      | Noticed a balrug
  4073 | D:4      | Found a glowing silver altar of Zin.
  4074 | D:4      | Noticed an angel
  4112 | D:4      | Noticed an ogre
  4146 | D:4      | Reached XP level 6. HP: 20/52 MP: 5/5
  4431 | D:4      | Slain by an ogre

Skill      XL: |  1  2  3  4  5 |
---------------+----------------+-----
Axes           | 4 5 |  5.6
Armour         | 1 2 3 |  3.4
Dodging        | 4 |  4.5
Fighting       | 3 |  3.8
Throwing       | |  2.0
Stealth        | |  0.1

Action                   |  1- 3 |  4- 6 || total
-------------------------+-------+-------++-------
Melee: War axe           |    89 |    75 ||   164
       Headbutt          |    18 |    11 ||    29
  Use: Scroll            |       |     1 ||     1
       Potion            |       |     1 ||     1
  Eat: Bread ration      |     2 |     1 ||     3
Armor: Leather armour    |     1 |       ||     1
       Chain mail        |    61 |    13 ||    74
       Ring mail         |     5 |       ||     5
       Plate armour      |       |    32 ||    32
Dodge: Dodged            |    70 |    31 ||   101
